 Dungeon Crawl Stone Soup version 0.29.0-11-gd7f09526c8 (webtiles) character file.

Game seed: 11893153833626035189

19760 browni3141 the Carver (level 13, -1/93 HPs)
             Began as a Formicid Fire Elementalist on Sept 6, 2022.
             Was an Elder of Cheibriados.
             Slain by a merfolk
             ... wielding a +0 trident
              (3 damage)
             ... on level 2 of the Lair of Beasts.
             The game lasted 00:23:33 (15807 turns).

browni3141 the Carver (Formicid Fire Elementalist) Turns: 15807, Time: 00:23:33

Health: -1/93      AC:  7    Str: 24    XL:     13   Next: 7%
Magic:  1/27       EV: 13    Int: 27    God:    Cheibriados [****..]
Gold:   704        SH: 12    Dex: 29    Spells: 22/32 levels left

rFire   . . .      SeeInvis +   q - +7 Throatcutter {drain, coup de grace}
rCold   . . .      Faith    .   B - +0 buckler
rNeg    . . .      Spirit   .   y - +3 leather armour {Will+}
rPois   +          Reflect  +   (helmet unavailable)
rElec   .          Harm     .   (no cloak)
rCorr   .          Rampage  .   D - +0 pair of gloves
Will    ++...                   (no boots)
Stlth   +++.......              d - amulet of reflection
HPRegen 0.25/turn               X - +6 ring of dexterity
MPRegen 0.20/turn               P - ring of poison resistance {@f3}

@: flying, very slow
A: permanent stasis, dig shafts and tunnels, antennae 3, four strong arms
a: Dig, Shaft Self, Renounce Religion, Bend Time, Temporal Distortion, Slouch


You were on level 2 of the Lair of Beasts.
You worshipped Cheibriados.
Cheibriados was greatly pleased with you.
You visited 2 branches of the dungeon, and saw 14 of its levels.

You collected 704 gold pieces.


Innate Abilities, Weirdness & Mutations

You cannot be hasted, slowed, berserked, paralysed or teleported.
You can dig through walls and to a lower floor.
You have a pair of large antennae on your head. (SInv)
Your four strong arms can wield two-handed weapons with a shield.


   Skills:
 - Level 6.0 Fighting
 * Level 11.6 Long Blades
 - Level 5.0 Armour
 - Level 2.0 Dodging
 - Level 2.4 Stealth
 - Level 5.0 Shields
 - Level 10.0 Spellcasting
 - Level 1.0 Conjurations
 - Level 8.0 Fire Magic
 - Level 10.0 Invocations
 - Level 4.0 Evocations


You had 22 spell levels left.
You knew the following spells:

 Your Spells              Type           Power      Damage    Failure   Level
c - Conjure Flame         Conj/Fire      37%        6-21      2%          3
z - Foxfire               Conj/Fire      100%       2x1d9     1%          1
X - Scorch                Fire           100%       2d10      1%          2
Y - Flame Wave            Conj/Fire      37%        2d10      9%          4

Your spell library contained the following spells:

 Spells                   Type           Power      Damage    Failure   Level
 Inner Flame              Hex/Fire       35%        N/A       3%          3
 Shock                    Conj/Air       64%        1d7       4%          1
 Static Discharge         Conj/Air       16%        3-5/arc   7%          2
 Ensorcelled Hibernation  Hex/Ice        26%        N/A       9%          2
 Poisonous Vapours        Pois/Air       26%        N/A       9%          2
 Sublimation of Blood     Necr           13%        N/A       9%          2
 Wereblood                Tmut           13%        N/A       9%          2
 Sticky Flame             Conj/Fire      37%        2d6       9%          4
 Frozen Ramparts          Ice            26%        1d4       17%         3
 Portal Projectile        Hex/Tloc       26%        N/A       17%         3
 Spider Form              Tmut/Pois      13%        N/A       17%         3
 Tukima's Dance           Hex            13%        N/A       17%         3
 Airstrike                Air            6%         2d(1-17)  50%         4
 Anguish                  Hex/Necr       6%         N/A       50%         4
 Animate Dead             Necr           13%        N/A       50%         4
 Corpse Rot               Necr/Pois/Air  13%        N/A       50%         4
 Dispel Undead            Necr           13%        3d9       50%         4
 Ice Form                 Ice/Tmut       13%        N/A       50%         4
 Summon Ice Beast         Ice/Summ       13%        N/A       50%         4
 Blade Hands              Tmut           6%         N/A       85%         5
 Borgnjor's Vile Clutch   Necr/Erth      6%         N/A       85%         5
 Death Channel            Necr           6%         N/A       100%        6
 Summon Hydra             Summ           6%         N/A       100%        7
 Swiftness                Air            Unusable   N/A       N/A         3

Inventory:

Hand Weapons
 k - a +0 dagger of electrocution
 q - the +7 Throatcutter (weapon) {drain, coup de grace}
   (You took it off Terence on level 2 of the Dungeon)

   A truly terrible weapon, it drains the life of any living foe it strikes.
   It may instantly kill foes which have little health.
Missiles
 K - 4 curare-tipped darts {@f4}
Armour
 a - a +0 robe
 y - a +3 leather armour of willpower (worn)
 B - a +0 buckler (worn)
 D - a +0 pair of gloves (worn)
 T - a +1 plate armour of positive energy
 V - a +0 cloak
Magical Staves
 j - a staff of air
 U - a staff of fire
Jewellery
 d - an amulet of reflection (around neck)
 m - a ring of willpower
 E - a +4 ring of evasion
 M - a ring of willpower
 O - a +4 ring of protection
 P - a ring of poison resistance (right hand) {@f3}
 X - a +6 ring of dexterity (left hand)
Wands
 b - a wand of flame (35)
 w - a wand of iceblast (10)
 L - a wand of paralysis (15)
 S - a wand of light (4)
Scrolls
 f - a scroll of acquirement {unknown}
 g - a scroll of noise {!r}
 i - a scroll of blinking {@r3}
 l - a scroll of enchant armour {unknown}
 n - 8 scrolls of teleportation {@r4}
 p - a scroll of torment {!r}
 t - 4 scrolls of enchant weapon
 u - 2 scrolls of butterflies {unknown}
 A - a scroll of identify {@r1}
 G - 3 scrolls of magic mapping
 H - a scroll of fear {unknown}
 J - 2 scrolls of vulnerability {unknown}
 N - 2 scrolls of immolation {!r}
 Q - a scroll of summoning {unknown}
 W - a scroll of brand weapon {unknown}
Potions
 c - 6 potions of curing {unknown}
 e - 3 potions of might
 h - 5 potions of flight
 o - 4 potions of brilliance {unknown}
 r - 4 potions of ambrosia
 s - a potion of lignification {!q}
 v - 2 potions of haste {unknown}
 x - 2 potions of degeneration {unknown}
 z - a potion of resistance {unknown}
 C - 2 potions of attraction {!q}
 F - 5 potions of heal wounds {unknown}
 I - 2 potions of berserk rage {unknown}
 R - 2 potions of mutation {unknown}

Dungeon Overview and Level Annotations

Branches:
Dungeon (12/15)            Temple (0/1) D:7            Lair (1/5) D:8
    Orc (0/2) D:12

Altars:
Cheibriados
Zin

Shops:
D:3 *   D:4 :[   D:5 (   D:10 (

Annotations:
D:5 2 transporters, LynnLen's ghost, novice SpCj

.$......## ..... ..
....... #...#. #...)
#Ymm## . #Y†..### ..
#†@..#.#...
##........ #........
##...#P... #
######...## P.. ##..
#.........# .. #...
#.[......## .
##P..## #.###....###
. ##.P..P# #
###..#P##...........


You could see 2 elephants and 2 merfolk.


Message History

The merfolk hits you from afar with a +0 trident!
* * * LOW HITPOINT WARNING * * *
The elephant closely misses you. The elephant barely misses you.
Unknown command.
Unknown command.
Okay, then.
Unknown command.
Okay, then.
Unknown command.
Okay, then.
Unknown command.
You slash the elephant!
The elephant is moderately wounded.
Unknown command.
Unknown command.
Unknown command.
You hit the elephant but do no damage. You drain the elephant.
The elephant is heavily wounded.
The merfolk hits you from afar with a +0 trident!
* * * LOW HITPOINT WARNING * * *
You block the elephant's attack. The elephant trunk-slaps you.
* * * LOW HITPOINT WARNING * * *
The merfolk closely misses you.
Unknown command.
It was a potion of flight.
You feel very buoyant.
You fly up into the air.
The merfolk misses you. You block the elephant's attack. x2
The merfolk hits you from afar with a +0 trident.
You die...

Skill      XL: |  1  2  3  4  5  6  7  8  9 10 11 12 |
---------------+-------------------------------------+-----
Fighting       | 1 2 4 6 |  6.0
Conjurations   | 1 |  1.0
Spellcasting   | 3 6 7 10 | 10.0
Fire Magic     | 4 5 7 8 |  8.0
Long Blades    | 1 5 6 8 11 | 11.6
Shields        | 1 5 |  5.0
Invocations    | 8 10 | 10.0
Evocations     | 4 |  4.0
Dodging        | 2 |  2.0
Armour         | 4 5 |  5.0
Stealth        | |  2.4

Action                   |  1- 3 |  4- 6 |  7- 9 | 10-12 | 13-15 || total
-------------------------+-------+-------+-------+-------+-------++-------
Melee: Unarmed           |     8 |       |       |       |       ||     8
       Dagger            |     1 |     6 |       |       |       ||     7
       Long sword        |       |    62 |   129 |   226 |     2 ||   419
       Punch             |       |       |     1 |       |       ||     1
 Cast: Foxfire           |    63 |    31 |       |    59 |       ||   153
       Scorch            |       |     3 |       |    27 |       ||    30
       Flame Wave        |       |       |       |    11 |       ||    11
Invok: Slouch            |       |       |       |     8 |       ||     8
       Step From Time    |       |       |       |     1 |       ||     1
       Bend Time         |       |       |       |     1 |       ||     1
Evoke: Wand              |       |     2 |       |    14 |     3 ||    19
  Use: Potion            |       |     1 |       |     1 |     1 ||     3
       Scroll            |       |     4 |       |     6 |       ||    10
 Stab: Sleeping          |     1 |     6 |     8 |    10 |       ||    25
       Distracted        |       |     1 |       |     1 |       ||     2
Armor: Robe              |     8 |     5 |       |       |       ||    13
       Leather armour    |       |     2 |    39 |    43 |     1 ||    85
       Skin              |       |       |       |    20 |       ||    20
Dodge: Dodged            |    14 |    36 |    73 |   118 |     8 ||   249
Block: Other             |     8 |    20 |     2 |       |       ||    30
       Reflection        |       |     1 |     3 |     5 |       ||     9
       Buckler           |       |       |    76 |   183 |     8 ||   267

Levels and vault maps discovered:
D:1:      onia_arrival_zoo_common, layout_basic
D:2:      layout_basic, minmay_stone_trees_small, serial_bayou_lake_a,
          uniq_terence, uniq_jessica
D:3:      layout_basic, dreamdust_ecumenical_altar_statues, serial_shops,
          nicolae_shop_stone, chequers_serial_rivers_room_a
D:4:      layout_cave_pods, zin_treasury, serial_shops, shop,
          nicolae_lakefront_shop, uniq_sigmund, uniq_ijyb
D:5:      layout_basic, gammafunk_ghost_stat_death, serial_shops,
          nicolae_lakefront_shop, uniq_eustachio
D:6:      layout_loops_ring
D:7:      layout_rooms, minmay_temple_entry_enclosed_plants
D:8:      cheibrodos_helix_gallery, layout_gridville, dpeg_oklobed_lair,
          corner_web_ring
D:9:      layout_cave_pools
D:10:     layout_cave_pools, lemuel_crystal_altar, serial_shops,
          nicolae_shop_bloodbath_and_beyond, lightli_fourway_metalbox
D:11:     layout_basic, serial_corexii_hall, corexii_hall_statues_t,
          chequers_hall_statues_y, onia_ninara_dug_in_and_dangerous
D:12:     layout_stronghold, kennysheep_orc_monster_closet_entryway
Lair:1:   layout_cave_pods, minmay_holes
Lair:2:   layout_small_grid, elwin_shoals_entry_stream,
          minmay_snake_entry_guardpost_small, dreamdust_gnoll_shepherd,
          serial_bayou_shore_b, grunt_megastairs_2, uniq_gastronok

Notes
Turn   | Place    | Note
-------+----------+-------------------------------------------
     0 | D:1      | browni3141 the Formicid Fire Elementalist began the quest
                  | for the Orb.
     0 | D:1      | Reached XP level 1. HP: 13/13 MP: 3/3
     6 | D:1      | Noticed a black bear
     6 | D:1      | Noticed a wyvern
     7 | D:1      | Noticed a komodo dragon
    82 | D:1      | Reached skill level 1 in Fighting
   153 | D:1      | Reached XP level 2. HP: 21/21 MP: 3/5
   201 | D:1      | Reached skill level 2 in Fighting
   252 | D:1      | Reached skill level 1 in Conjurations
   327 | D:1      | Reached XP level 3. HP: 27/27 MP: 0/6
   455 | D:1      | You fall into a shaft and drop 1 floor!
  1562 | D:2      | Noticed Jessica
  1568 | D:2      | Killed Jessica
  1569 | D:2      | Reached skill level 3 in Spellcasting
  1569 | D:2      | Reached XP level 4. HP: 23/33 MP: 4/8
  1595 | D:2      | Learned a level 2 spell: Scorch
  1741 | D:2      | Reached skill level 4 in Fire Magic
  1762 | D:2      | Noticed Terence
  2142 | D:2      | Killed Terence
  2143 | D:2      | Reached XP level 5. HP: 14/38 MP: 5/9
  2846 | D:3      | Found a faded altar of an unknown god.
  2884 | D:3      | Prayed at the altar of an unknown god.
  2884 | D:3      | Became a worshipper of Cheibriados the Contemplative
  2884 | D:3      | Reached * piety under Cheibriados
  2950 | D:3      | Reached skill level 1 in Long Blades
  3115 | D:3      | Reached skill level 5 in Fire Magic
  3116 | D:3      | Reached XP level 6. HP: 42/44 MP: 10/10
  3946 | D:3      | Reached skill level 2 in Long Blades
  4203 | D:3      | Found Apic's Assorted Antiques.
  4319 | D:4      | Reached ** piety under Cheibriados
  4407 | D:4      | Found Eppouvvuu's Antique Armour Boutique.
  4415 | D:4      | Reached skill level 3 in Long Blades
  4820 | D:4      | Noticed Ijyb
  4829 | D:4      | Killed Ijyb
  4960 | D:4      | Found a glowing silver altar of Zin.
  5028 | D:4      | Found Edudeo Vegi's Book Shop.
  5210 | D:4      | Noticed Sigmund
  5215 | D:4      | Killed Sigmund
  5216 | D:4      | Reached skill level 5 in Long Blades
  5216 | D:4      | Reached XP level 7. HP: 14/50 MP: 11/11
  5675 | D:5      | Entered Level 5 of the Dungeon
  5772 | D:5      | Noticed Eustachio
  5782 | D:5      | Killed Eustachio
  5783 | D:5      | Reached skill level 6 in Long Blades
  5929 | D:5      | Noticed LynnLen's ghost (novice SpCj)
  5966 | D:5      | Reached skill level 1 in Shields
  5966 | D:5      | Reached XP level 8. HP: 56/56 MP: 12/12
  5975 | D:5      | Found a transporter.
  6038 | D:5      | Reached skill level 2 in Shields
  6055 | D:5      | Reached skill level 3 in Shields
  6086 | D:5      | Found a transporter.
  6102 | D:5      | Reached skill level 7 in Long Blades
  6316 | D:5      | Found Jyux's Antique Weapon Shop.
  6321 | D:5      | Reached *** piety under Cheibriados
  6424 | D:5      | Reached skill level 4 in Shields
  6938 | D:6      | Reached skill level 5 in Shields
  6942 | D:6      | Reached skill level 8 in Long Blades
  6945 | D:6      | Reached XP level 9. HP: 60/62 MP: 13/13
  7058 | D:6      | Reached skill level 3 in Fighting
  7207 | D:6      | Reached skill level 4 in Fighting
  7207 | D:6      | Reached skill level 1 in Invocations
  7225 | D:6      | Reached skill level 2 in Invocations
  7362 | D:6      | Reached skill level 3 in Invocations
  7599 | D:6      | Reached skill level 4 in Invocations
  7621 | D:6      | Reached **** piety under Cheibriados
  7622 | D:6      | Reached skill level 5 in Invocations
  7807 | D:7      | Noticed a troll
  7810 | D:7      | Reached skill level 6 in Invocations
  7819 | D:7      | Killed a troll
  7820 | D:7      | Reached skill level 7 in Invocations
  8022 | D:7      | Reached skill level 8 in Invocations
  8121 | D:7      | Reached XP level 10. HP: 68/71 MP: 16/16
  8164 | D:7      | Found a staircase to the Ecumenical Temple.
  8266 | D:7      | Reached skill level 9 in Invocations
  8304 | D:7      | Learned a level 4 spell: Flame Wave
  8308 | D:7      | Learned a level 3 spell: Conjure Flame
  8444 | D:8      | Found a staircase to the Lair.
  8668 | D:8      | Reached ***** piety under Cheibriados
  8789 | D:8      | Reached skill level 4 in Spellcasting
  9156 | D:8      | Reached skill level 6 in Fire Magic
  9487 | D:9      | Reached skill level 10 in Invocations
  9488 | D:9      | Reached skill level 5 in Spellcasting
  9865 | D:9      | Reached skill level 7 in Fire Magic
  9872 | D:9      | Reached skill level 6 in Spellcasting
  9875 | D:9      | Reached XP level 11. HP: 27/77 MP: 0/20
  9879 | D:9      | Reached skill level 8 in Fire Magic
  9879 | D:9      | Reached skill level 1 in Evocations
 10293 | D:9      | Reached skill level 2 in Evocations
 10444 | D:10     | Entered Level 10 of the Dungeon
 10490 | D:10     | Reached skill level 3 in Evocations
 10499 | D:10     | Found Egogisea's Weapon Emporium.
 10499 | D:10     | Noticed a two-headed ogre
 10509 | D:10     | Killed a two-headed ogre
 10510 | D:10     | Reached skill level 4 in Evocations
 10510 | D:10     | Reached skill level 5 in Fighting
 10510 | D:10     | Reached skill level 2 in Dodging
 10690 | D:10     | Noticed a centaur warrior
 10692 | D:10     | Killed a centaur warrior
 10693 | D:10     | Reached skill level 6 in Fighting
 10693 | D:10     | Reached skill level 1 in Armour
 10984 | D:10     | Reached skill level 2 in Armour
 11136 | D:10     | Found a snail-covered altar of Cheibriados.
 11404 | D:11     | Noticed a cyclops
 11408 | D:11     | Killed a cyclops
 11520 | D:11     | Noticed a two-headed ogre
 11526 | D:11     | Killed a two-headed ogre
 11527 | D:11     | Reached skill level 3 in Armour
 11574 | D:11     | Noticed a boulder beetle
 11599 | D:11     | Killed a boulder beetle
 11723 | D:11     | Noticed a two-headed ogre
 11726 | D:11     | Noticed a skeletal warrior
 11874 | D:11     | Noticed a two-headed ogre
 11878 | D:11     | Killed a two-headed ogre
 11879 | D:11     | Reached skill level 4 in Armour
 11879 | D:11     | Reached skill level 7 in Spellcasting
 12802 | D:11     | Reached XP level 12. HP: 64/88 MP: 15/23
 13298 | D:12     | Reached skill level 9 in Long Blades
 13594 | D:12     | Found a staircase to the Orcish Mines.
 13601 | D:12     | Reached skill level 5 in Armour
 13603 | D:12     | Reached skill level 8 in Spellcasting
 14223 | D:12     | Reached skill level 10 in Long Blades
 14502 | D:12     | Reached skill level 9 in Spellcasting
 15146 | Lair:1   | Entered Level 1 of the Lair of Beasts
 15647 | Lair:1   | You fall into a shaft and drop 1 floor!
 15793 | Lair:2   | Reached skill level 11 in Long Blades
 15798 | Lair:2   | Reached skill level 10 in Spellcasting
 15802 | Lair:2   | Reached XP level 13. HP: 34/93 MP: 0/27
 15806 | Lair:2   | HP: 4/93 [merfolk/+0 trident (8)]
 15806 | Lair:2   | HP: 1/93 [elephant (3)]
 15807 | Lair:2   | Slain by a merfolk

Vanquished Creatures
  A boulder beetle (D:11)
  3 two-headed ogres
  A centaur warrior (D:10)
  2 deep elf pyromancers (D:12)
  2 cyclopes
  A merfolk siren (Lair:2)
  An elephant (Lair:2)
  A gargoyle (D:12)
  A black mamba (Lair:2)
  3 cane toads
  A kobold demonologist (D:10)
  A komodo dragon (D:12)
  4 trolls
  A merfolk (Lair:2)
  2 hornets (D:8)
  3 slime creatures (D:12)
  2 shadows
  A water elemental (D:11)
  A wyvern (D:10)
  Sigmund (D:4)
  18 yaks
  Eustachio (D:5)
  A basilisk (Lair:1)
  A wraith (D:12)
  A steam dragon (D:9)
  5 water moccasins
  An acid dragon (D:9)
  A floating eye (shapeshifter) (D:11)
  A sky beast (D:6)
  2 black bears
  7 orc warriors
  3 ogres
  5 centaurs
  7 kobold brigands
  5 bullfrogs
  4 gnoll sergeants
  3 necrophages
  18 wights
  11 killer bees
  7 howler monkeys
  5 electric eels
  2 jellies
  2 hounds
  9 orc priests
  A gnoll bouda (Lair:2)
  Jessica (D:2)
  Terence (D:2)
  4 iguanas
  Ijyb (D:4)
  17 orc wizards
  9 gnolls
  11 adders
  A shadow imp (D:6)
  2 ufetubi
  3 worms (D:4)
  A dart slug (D:2)
  50 orcs
  4 bats
  3 endoplasms
  A giant cockroach (D:2)
  8 goblins
  6 hobgoblins
  5 jackals
  5 quokkas
  6 ball pythons
  3 frilled lizards
  16 kobolds
  6 rats
318 creatures vanquished.

Vanquished Creatures (collateral kills)
  2 foxfires (D:2)
2 creatures vanquished.

Vanquished Creatures (others)
  261 foxfires
  2 fungi (Lair:2)
  10 plants
273 creatures vanquished.

Grand Total: 593 creatures vanquished

Table legend: (Time is in decaauts)
 A = Elapsed time spent in this place.
 B = Non-inter-level travel time spent in this place.
 C = Inter-level travel time spent in this place.
 D = Time resting spent in this place.
 E = Time spent auto-exploring this place.
 F = Levels seen in this place.
 G = Mean time per level.
                   A        B        C        D        E       F      G
               +--------+--------+--------+--------+--------+-----+--------+
         Total |  20455 |  19587 |    868 |    797 |  16186 |  14 | 1461.1 |
       Dungeon |  19555 |  18688 |    867 |    797 |  15423 |  12 | 1629.6 |
          Lair |    900 |    900 |      0 |      0 |    763 |   2 |  450.0 |
               +--------+--------+--------+--------+--------+-----+--------+

Top non-repeatable levels by time:
    D:11: 2681 daAuts
    D:12: 2350 daAuts
     D:4: 1793 daAuts
     D:5: 1712 daAuts
     D:8: 1709 daAuts
     D:2: 1657 daAuts
     D:3: 1654 daAuts
     D:9: 1346 daAuts
     D:1: 1332 daAuts
    D:10: 1263 daAuts
     D:6: 1262 daAuts
     D:7: 792 daAuts
  Lair:1: 655 daAuts
  Lair:2: 245 daAuts

Table legend:
 A = Non-vault XP
 B = Vault XP
 C = Vault XP percentage of total XP
 D = Non-vault monster count
 E = Vault monster count
 F = Vault count percentage of total count
                 A         B        C        D         E       F
            +---------+---------+-------+---------+---------+-------
      Total |   22647 |    5582 |  19.8 |     279 |      39 |  12.3
            +---------+---------+-------+---------+---------+-------
        D:1 |      54 |       0 |   0.0 |      27 |       0 |   0.0
        D:2 |      39 |      73 |  65.2 |      16 |       2 |  11.1
        D:3 |     165 |       0 |   0.0 |      23 |       0 |   0.0
        D:4 |     122 |     249 |  67.1 |      16 |       2 |  11.1
        D:5 |     748 |     208 |  21.8 |      25 |       1 |   3.8
        D:6 |    1170 |       0 |   0.0 |      21 |       0 |   0.0
        D:7 |    1309 |       0 |   0.0 |      17 |       0 |   0.0
        D:8 |    1202 |     395 |  24.7 |      24 |       2 |   7.7
        D:9 |    2772 |       0 |   0.0 |      40 |       0 |   0.0
       D:10 |    2120 |     997 |  32.0 |      12 |       4 |  25.0
       D:11 |    4063 |       0 |   0.0 |      20 |       0 |   0.0
       D:12 |    4365 |    1812 |  29.3 |      20 |      20 |  50.0
     Lair:1 |    2887 |       0 |   0.0 |      13 |       0 |   0.0
     Lair:2 |    1631 |    1848 |  53.1 |       5 |       8 |  61.5
            +---------+---------+-------+---------+---------+-------
